 Dungeon Crawl Stone Soup version 0.23.2-33-g5129a83184 (webtiles) character file.

Game seed: 7959367327630041622

49 H0rd4k the Magician (level 3, -1/19 HPs)
             Began as a Deep Elf Wizard on July 11, 2019.
             Slain by a giant cockroach (2 damage)
             ... on level 1 of the Dungeon.
             The game lasted 00:03:55 (1648 turns).

H0rd4k the Magician (Deep Elf Wizard)               Turns: 1648, Time: 00:03:56

Health: -1/19      AC:  2    Str:  4    XL:     3   Next: 51%
Magic:  0/12       EV: 12    Int: 23    God:
Gold:   37         SH:  0    Dex: 13    Spells: 7/13 levels left

rFire    . . .     SeeInvis .   (no weapon)
rCold    . . .     Gourm    .   (no shield)
rNeg     . . .     Faith    .   a - +0 robe
rPois    .         Spirit   .   b - +0 hat
rElec    .         Reflect  .   (no cloak)
rCorr    .         Harm     .   (no gloves)
MR       .....                  (no boots)
Stlth    +++.......             (no amulet)
HPRegen  0.06/turn              i - ring of stealth
MPRegen  0.13/turn              (no ring)

@: very slightly contaminated, heavily drained
A: no striking features
a: no special abilities


You were on level 1 of the Dungeon.
You were not hungry.

You visited 1 branch of the dungeon, and saw 2 of its levels.

You collected 37 gold pieces.

Inventory:

Armour
 a - a +0 robe (worn)
 b - a +0 hat (worn)
Jewellery
 i - a ring of stealth (left hand)
 l - an uncursed amulet of harm
Scrolls
 c - 3 scrolls of identify {unknown}
 f - a scroll of blinking {unknown}
 j - a scroll of enchant weapon {unknown}
 k - a scroll of fog {unknown}
Potions
 e - 2 potions of curing {unknown}
 g - a potion of degeneration {unknown}
 h - 2 potions of agility {unknown}
Comestibles
 d - 5 rations


   Skills:
 + Level 3.0(1.4) Dodging
 + Level 2.8(1.2) Stealth
 + Level 5.6(3.9) Spellcasting
 + Level 1.4(0.0) Conjurations
   Level 1.1(0.0) Summonings
 + Level 1.1(0.0) Translocations
 * Level 0.4(0.0) Fire Magic


You had 7 spell levels left.
You knew the following spells:

 Your Spells              Type           Power        Failure   Level  Hunger
a - Magic Dart            Conj           #...         11%         1    None
b - Blink                 Tloc           N/A          16%         2    #......
c - Conjure Flame         Conj/Fire      #.......     32%         3    ##.....

Your spell library contained the following spells:

 Spells                   Type           Power        Failure   Level  Hunger
 Call Imp                 Summ           #.......     16%         2    #......
 Slow                     Hex            #.......     16%         2    #......
 Mephitic Cloud           Conj/Pois/Air  #.......     32%         3    ##.....


Dungeon Overview and Level Annotations

Branches:
Dungeon (2/15)

Altars:

Annotations:
D:1 exclusion: downstairs


Message History

Casting: Magic Dart (safe; 11% risk of failure)
Confirm with . or Enter, or press ? or * to list all spells.
Aiming: Magic Dart (safe; 11% risk of failure)
Press: ? - help, Shift-Dir - straight line, f/p - giant cockroach
Aim: a giant cockroach (severely wounded)
The magic dart hits the giant cockroach.
The giant cockroach is almost dead.
The giant cockroach barely misses you. The giant cockroach bites you.
* * * LOW HITPOINT WARNING * * *
Casting: Magic Dart (safe; 11% risk of failure)
Confirm with . or Enter, or press ? or * to list all spells.
Aiming: Magic Dart (safe; 11% risk of failure)
Press: ? - help, Shift-Dir - straight line, f/p - giant cockroach
Aim: a giant cockroach (severely wounded, clinging)
The magic dart hits the giant cockroach.
The giant cockroach is almost dead.
The giant cockroach closely misses you. The giant cockroach bites you.
You die...

##### #...#
######...#############
................@s..>#
###....##.##.#######.#
#....#.##.##.#..#..#.#
#.#.....#.##.......#.#
#.......#.#..#..#.##.#
........#....#..#....#
##.#.##.#.#.....######
......#...#..#.##
##.#....#......#


You could see a giant cockroach.

Vanquished Creatures
  A gnoll (D:1)
  A dart slug (D:1)
  A leopard gecko (D:1)
  3 orcs (D:2)
  2 ball pythons
  2 bats
  A giant cockroach (D:1)
  4 goblins
  3 hobgoblins
  5 frilled lizards
  3 kobolds (D:1)
  7 rats
33 creatures vanquished.

Notes
Turn   | Place    | Note
-------+----------+-------------------------------------------
     0 | D:1      | H0rd4k the Deep Elf Wizard began the quest for the Orb.
     0 | D:1      | Reached XP level 1. HP: 10/10 MP: 7/7
   166 | D:1      | Reached XP level 2. HP: 15/15 MP: 7/9
   200 | D:1      | Reached skill level 5 in Spellcasting
   488 | D:1      | Reached XP level 3. HP: 17/19 MP: 0/12
   492 | D:1      | Learned a level 2 spell: Blink
   496 | D:1      | Learned a level 3 spell: Conjure Flame
  1648 | D:1      | Slain by a giant cockroach

Skill      XL: |  1  2  3 |
---------------+----------+-----
Spellcasting   | 5 |  5.6
Dodging        | 3 |  3.0
Stealth        | |  2.8
Conjurations   | |  1.4
Summonings     | |  1.1
Translocations | |  1.1
Fire Magic     | |  0.4

Action                   || total
-------------------------++-------
 Cast: Magic Dart        ||   116
       Blink             ||     5
  Eat: Chunk             ||     2
Armor: Robe              ||     5
Dodge: Dodged            ||    35
